 Dungeon Crawl Stone Soup version 0.29.0-11-gd7f09526c8 (webtiles) character file.

Game seed: 12491965935010368186

513 gelatine the Firebug (level 7, 0/46 HPs)
             Began as a Demonspawn Fire Elementalist on Sept 3, 2022.
             Was a Priest of Lugonu.
             Succumbed to a gnoll sergeant's poison
             ... on level 4 of the Dungeon.
             The game lasted 00:09:14 (4739 turns).

gelatine the Firebug (Demonspawn Fire Elementalist) Turns: 4739, Time: 00:09:14

Health: 0/46       AC:  8    Str:  8    XL:     7   Next: 0%
Magic:  7/13       EV: 16    Int: 18    God:    Lugonu [***...]
Gold:   249        SH:  4    Dex: 16    Spells: 11/14 levels left

rFire   . . .      SeeInvis .   y - +2 rapier (elec)
rCold   . . .      Faith    .   (no shield)
rNeg    . . .      Spirit   .   q - +2 robe {Will+}
rPois   .          Reflect  .   (helmet restricted)
rElec   .          Harm     .   (no cloak)
rCorr   .          Rampage  .   (no gloves)
Will    +....                   (no boots)
Stlth   +++.......              s - amulet of the acrobat
HPRegen 0.15/turn               l - +4 ring of protection
MPRegen 0.26/turn               v - +4 ring of evasion

@: mighty, lethally poisoned (0 -> -5), attractive
A: antennae 2, thin skeletal structure 1, magic regeneration, condensation
shield
a: Renounce Religion, Depart the Abyss, Bend Space, Banish


You were on level 4 of the Dungeon.
You worshipped Lugonu.
Lugonu was most pleased with you.
You visited 1 branch of the dungeon, and saw 5 of its levels.

You collected 249 gold pieces.

Inventory:

Hand Weapons
 y - a +2 rapier of electrocution (weapon)
Missiles
 w - 2 boomerangs of dispersal
Armour
 q - a +2 robe of willpower (worn)
Jewellery
 l - a +4 ring of protection (left hand)
 s - an amulet of the acrobat (around neck)
 v - a +4 ring of evasion (right hand)
Scrolls
 c - 2 scrolls of silence {unknown}
 d - 2 scrolls of amnesia {unknown}
 f - 2 scrolls of enchant weapon {unknown}
 g - a scroll of magic mapping {unknown}
 h - 2 scrolls of butterflies {unknown}
 j - a scroll of enchant armour {unknown}
 k - 7 scrolls of teleportation {unknown}
 m - 8 scrolls of identify {unknown}
 r - a scroll of fear {unknown}
 t - 2 scrolls of noise {unknown}
 x - a scroll of vulnerability {unknown}
Potions
 a - a potion of experience {unknown}
 b - 2 potions of magic
 e - 3 potions of might
 i - a potion of attraction
 n - 2 potions of mutation {unknown}
 o - a potion of flight {unknown}
 p - a potion of degeneration {unknown}
 u - 2 potions of haste {unknown}
 z - 2 potions of curing {unknown}
 A - a potion of ambrosia {unknown}


   Skills:
 + Level 0.2 Fighting
 + Level 0.5 Short Blades
 + Level 2.4 Dodging
 + Level 3.2 Stealth
 + Level 4.0 Spellcasting
 + Level 3.2 Conjurations
 + Level 4.2 Fire Magic
 * Level 1.9 Invocations


You had 11 spell levels left.
You knew the following spells:

 Your Spells              Type           Power      Damage    Failure   Level
a - Foxfire               Conj/Fire      68%        2x1d7     3%          1
b - Scorch                Fire           36%        2d7       3%          2

Your spell library contained the following spells:

 Spells                   Type           Power      Damage    Failure   Level
 Conjure Flame            Conj/Fire      17%        6-21      10%         3
 Inner Flame              Hex/Fire       11%        N/A       19%         3
 Flame Wave               Conj/Fire      17%        2d7       32%         4


Dungeon Overview and Level Annotations

Branches:
Dungeon (5/15)
 Temple: D:4-7

Altars:
Uskayaw
Lugonu

Shops:
D:1 :


Innate Abilities, Weirdness & Mutations

You have a pair of antennae on your head.
You have a somewhat thin skeletal structure. (Dex +2, Stealth+)
You regenerate magic rapidly.
A meltable shield of frost defends you. (SH +4)


Message History

You are more poisoned.
An adder comes into view.
You feel very sick.
You see here a bubbling golden potion.
Casting: Scorch (safe; 3% risk of failure)
Confirm with . or Enter, or press ? or * to list all spells.
Flames lash the gnoll sergeant but do no damage.
You feel very sick.
The adder hisses angrily.
The gnoll sergeant misses you.
Casting: Scorch (safe; 3% risk of failure)
Confirm with . or Enter, or press ? or * to list all spells.
Flames lash the gnoll.
The gnoll is almost dead.
The gnoll's fire resistance burns away.
You feel sick.
The gnoll sergeant hits you from afar with a +4 spear of venom!
You are lethally poisoned!
Found a scroll labelled ERIPUCZOSELL.
You feel very sick.
The gnoll sergeant is no longer more vulnerable to fire.
The gnoll throws a stone.
The stone hits you.
* * * LOW HITPOINT WARNING * * *
* * * LOW HITPOINT WARNING * * *
You feel very sick. The adder misses you. The adder closely misses you.
There is a stone staircase leading up here.
* * * LOW HITPOINT WARNING * * *
You feel very sick. The adder misses you.
You climb upwards.
* * * LOW HITPOINT WARNING * * *
You feel very sick.
There is a stone staircase leading down here.
It was a potion of might.
You feel very mighty all of a sudden.
* * * LOW HITPOINT WARNING * * *
You feel sick. The adder bites you but does no damage.
It was a potion of attraction.
You feel attractive to monsters.
You die...

##
################################.
........(......................#.
................S..............#.
................@..............#.
#...##...##.##+####.##+###.#####.
#...#######.##.####.##..##.##..##
............................#...#
............................#...#
............................'...#
....####.####..#########+####'###
##+#####.####..### #.ยง.........
...........#.....# #...........


You could see an adder.

Vanquished Creatures
  Sigmund (D:3)
  A phantom (D:3)
  A hound (D:4)
  A gnoll bouda (D:4)
  8 gnolls
  5 adders
  2 worms
  2 dart slugs
  An orc (D:3)
  4 endoplasms
  6 giant cockroaches
  6 goblins
  7 hobgoblins
  3 jackals (D:4)
  8 kobolds
  5 quokkas
  10 ball pythons
  7 bats
  6 frilled lizards
  7 rats
91 creatures vanquished.

Vanquished Creatures (collateral kills)
  4 foxfires (D:2)
4 creatures vanquished.

Vanquished Creatures (others)
  365 foxfires
365 creatures vanquished.

Grand Total: 460 creatures vanquished

Notes
Turn   | Place    | Note
-------+----------+-------------------------------------------
     0 | D:1      | gelatine the Demonspawn Fire Elementalist began the quest
                  | for the Orb.
     0 | D:1      | Reached XP level 1. HP: 13/13 MP: 3/3
   301 | D:1      | Gained mutation: You have a pair of small antennae on your
                  | head. [demonic ancestry]
   301 | D:1      | Reached XP level 2. HP: 19/19 MP: 0/5
  1268 | D:1      | Found Wycodykh's Book Shoppe.
  1349 | D:1      | Found a faded altar of an unknown god.
  1353 | D:1      | Prayed at the altar of an unknown god.
  1353 | D:1      | Became a worshipper of Lugonu the Unformed
  1353 | D:1      | Reached * piety under Lugonu
  1353 | D:1      | Reached ** piety under Lugonu
  1464 | D:1      | Gained mutation: You regenerate magic rapidly. [demonic
                  | ancestry]
  1464 | D:1      | Reached XP level 3. HP: 21/24 MP: 3/6
  1571 | D:1      | You fall into a shaft and drop 1 floor!
  1806 | D:2      | Learned a level 2 spell: Scorch
  2314 | D:2      | Reached XP level 4. HP: 30/30 MP: 2/8
  2757 | D:3      | Noticed Sigmund
  2762 | D:3      | Killed Sigmund
  2763 | D:3      | Gained mutation: You have a somewhat thin skeletal
                  | structure. (Dex +2, Stealth+) [demonic ancestry]
  2763 | D:3      | Reached XP level 5. HP: 35/35 MP: 2/10
  2860 | D:3      | Noticed a phantom
  2872 | D:3      | Killed a phantom
  2872 | D:3      | Reached *** piety under Lugonu
  2873 | D:3      | Gained mutation: You have a pair of antennae on your head.
                  | [demonic ancestry]
  2873 | D:3      | Reached XP level 6. HP: 36/41 MP: 0/11
  3052 | D:3      | Found a hide-covered altar of Uskayaw.
  3892 | D:4      | Reached skill level 1 in Invocations
  4694 | D:5      | Entered Level 5 of the Dungeon
  4728 | D:5      | Gained mutation: A meltable shield of frost defends you.
                  | (SH +4) [demonic ancestry]
  4728 | D:5      | Reached XP level 7. HP: 46/46 MP: 10/13
  4737 | D:4      | HP: 2/46 [poisoned by a gnoll sergeant]
  4739 | D:4      | Succumbed to a gnoll sergeant's poison

Illustrated notes

Levels and vault maps discovered:
D:1:      dpeg_arrival_fog, layout_rooms, serial_shops, nicolae_shop_stone,
          ebering_ecumenical_altar_box, minmay_misc_feat_tower,
          minmay_split_cup_small
D:2:      layout_basic, dreamdust_mushroom_princess, kennysheep_generic_room_16
D:3:      layout_loops_ring, nicolae_uskayaw_murder_on_the_dancefloor,
          uniq_sigmund
D:4:      layout_gridville
D:5:      layout_loops_ring, cheibrodos_gnoll_hut, uniq_prince_ribbit1,
          uniq_crazy_yiuf_cottage, uniq_pikel

Skill      XL: |  1  2  3  4  5  6 |
---------------+-------------------+-----
Fire Magic     | 3 4 |  4.2
Dodging        | 2 |  2.4
Stealth        | 2 3 |  3.2
Spellcasting   | 3 4 |  4.0
Conjurations   | 2 3 |  3.2
Invocations    | 1 |  1.9
Fighting       | |  0.2
Short Blades   | |  0.5

Action                   |  1- 3 |  4- 6 |  7- 9 || total
-------------------------+-------+-------+-------++-------
Melee: Short sword       |    15 |    33 |       ||    48
       Unarmed           |     2 |       |       ||     2
       Rapier            |       |     3 |       ||     3
 Cast: Foxfire           |   125 |    90 |       ||   215
       Scorch            |     1 |    13 |     3 ||    17
Invok: Bend Space        |       |     1 |       ||     1
  Use: Potion            |       |       |     2 ||     2
 Stab: Sleeping          |       |     1 |       ||     1
Armor: Robe              |     6 |    18 |     2 ||    26
Dodge: Dodged            |    27 |    46 |     5 ||    78
